[Event "*** Titled Tuesday 3|2 Blitz"]
[Site "Chess.com"]
[Date "2016.02.02"]
[Round "9"]
[White "BartoszSocko"]
[Black "Smirnov_Pavel"]
[Result "1-0"]
[WhiteElo "2692"]
[BlackElo "2528"]
[TimeControl "180+2"]
[EndTime "13:00:40 PST"]
[Termination "BartoszSocko won by resignation"]

1. e4 c5 2. Nf3 Nc6 3. d4 cxd4 4.
Nxd4 Qb6 5. Nb3 Nf6 6. Nc3 e6 7. Qe2 Bb4 8. Bd2 O-O 9. a3 Be7 10. O-O-O d5 11. e5 Nd7 12. f4 Qc7 13. Be3 a6 14.
Qg4 b5 15. Bd3 b4 16. axb4 Nxb4 17. h4 a5 18. Nd4 Nxd3+ 19. Rxd3 Nc5 20. Rd2 a4 21.
Ndb5 Qc6 22. h5 a3 23. Nxa3 Rxa3 24. bxa3 Nb3+ 25. Kb2 Nxd2 26. Bxd2 Ba6 27. Na2 Rc8 28. Rc1 Bc4 29. Nb4 Qa4 30. f5 Ra8 31. Ra1 exf5 32. Qxf5 d4 33. Qe4 d3 34. Qxc4 dxc2 35. Qxc2 Qb5 36. Qe4 Rd8 37. Bc3 Rc8 38. Rc1 Bf8 39. e6 Qe8 40. exf7+ Qxf7 41. Qd5 Qxd5 42. Nxd5 Rc5 43. Rd1 Rc6 44. Bb4 1-0

[Event "*** Titled Tuesday 3|2 Blitz"]
[Site "Chess.com"]
[Date "2016.02.02"]
[Round "9"]
[White "KyronGriffith"]
[Black "jcgs1030"]
[Result "0-1"]
[WhiteElo "2264"]
[BlackElo "2234"]
[TimeControl "180+2"]
[EndTime "13:00:41 PST"]
[Termination "jcgs1030 won by resignation"]

1. e4 c5 2. Nf3 d6 3. d4 cxd4 4. Nxd4 Nf6 5. Nc3 g6 6. Be2 Bg7 7. O-O O-O 8. Bg5 Nc6 9. Nb3 a6 10.
a4 b6 11. f4 Bb7 12. Bf3 Nd7 13. Qd2 Re8 14. Rfe1 Rc8 15. Kh1 Nc5 16. Rad1 Nxb3 17. cxb3 Nd4 18. Nd5 Bxd5 19. exd5 Nxb3 20. Qb4 Na5 21.
Be2 Rc2 22. Rd2 Qc7 23. Bxa6 Rxd2 24. Qxd2 Nb3 25. Qb4 Nc5 26. Bb5 f6 27. Bxe8 Nd3 28. Qd2 Nxe1 29. Bh4 Nd3 30. h3 Qc4 31. Bb5 Qxf4 32.
Qxf4 Nxf4 33. b4 Nxd5 34. Bc4 e6 35. Bxd5 exd5 36. Bf2 f5 37. Bxb6 d4 38. a5 d3 39.
Be3 Bd4 40. Bd2 Kf7 41. g3 Ke6 42. Kg2 Kd5 43. Kf3 Kc4 44. a6 Kb5 45. g4 Kxa6 46.
gxf5 gxf5 47. Kf4 Kb5 48. Kxf5 Kc4 49. Ke4 Bc3 50. Ke3 d5 51. b5 d4+ 52. Ke4 Bxd2 53. b6 Ba5 54. b7 Bc7 55. Kf3 Kc3 0-1

[Event "*** Titled Tuesday 3|2 Blitz"]
[Site "Chess.com"]
[Date "2016.02.02"]
[Round "9"]
[White "AndroQueen"]
[Black "Sawyer2908"]
[Result "1/2-1/2"]
[WhiteElo "2408"]
[BlackElo "2291"]
[TimeControl "180+2"]
[EndTime "13:00:51 PST"]
[Termination "Game drawn by repetition"]

1. d4 Nf6 2. c4 e6 3. Nc3 Bb4 4. f3 d5 5. a3 Be7 6. e4 dxe4 7. fxe4 e5 8. d5 Bc5 9. Bg5 c6 10. Nf3 Bg4 11. h3 Bxf3 12. Qxf3 Bd4 13. O-O-O Nbd7 14. Ne2 c5 15. Ng3 h6 16. Bd2 Qb6 17. Bc3 g6 18. Be2 O-O-O 19. Rhf1 Rdf8 20. Bxd4 cxd4 21. b4 Kb8 22. c5 Rc8 23. Kd2 Nxc5 24. Qxf6 Qc7 25. Ke1 Nd7 26. Qf3 f5 27. exf5 gxf5 28. Nxf5 Rhf8 29.
g4 Rce8 30. d6 Qc2 31. Qd3 Qc6 32. Kd2 Nf6 33. b5 Qd5 34. Qc4 Qg2 35. Ke1 Rc8 36. Qe6 Rc2 37. Qxe5 Nd7 38. Qe7 Rfc8 39. Nxd4 Qg3+ 40.
Rf2 Qg1+ 41. Rf1 Qg3+ 42. Rf2 Qg1+ 43. Rf1 Qg3+ 44. Rf2 Qg1+ 45. Rf1 Qg3+ 46. Rf2 Qg1+ 1/2-1/2

[Event "*** Titled Tuesday 3|2 Blitz"]
[Site "Chess.com"]
[Date "2016.02.02"]
[Round "9"]
[White "Dlugy"]
[Black "ChadaevNikolay"]
[Result "1/2-1/2"]
[WhiteElo "2563"]
[BlackElo "2530"]
[TimeControl "180+2"]
[EndTime "13:01:04 PST"]
[Termination "Game drawn by repetition"]

1. d4 Nf6 2. Bf4 g6 3. Nc3 d5 4. Qd2 c6 5. f3 Bf5 6. g4 Be6 7. h4 h5 8. g5 Nfd7 9. e4 Bg7 10.
O-O-O O-O 11. Kb1 a5 12. Be3 Nb6 13. Nh3 Bxh3 14. Rxh3 e6 15. a4 Qe7 16. b3 Rd8 17. e5 N8d7 18. f4 Rdc8 19. Bf2 Rc7 20. Be1 Qf8 21.
Ka2 Nc8 22. Qc1 Ne7 23. Qa3 Qd8 24. Bd3 Rcc8 25. Ne2 Bf8 26. Qb2 Rab8 27. c4 c5 28. Bc3 cxd4 29. Nxd4 Nc5 30. Be2 Qb6 31. Nb5 Nf5 32.
cxd5 exd5 33. Rxd5 Ne4 34. Bc4 Nxc3+ 35. Qxc3 Bb4 36.
Qf3 Rd8 37. Rh2 Qg1 38. Re2 Kg7 39. Qd3 Qb6 40. Nd6 Nxd6 41. exd6 Rxd6 42. Re7 Qf2+ 43.
Kb1 Rxd5 44. Rxf7+ Kxf7 45. Qxd5+ Kg7 46. Qf7+ Kh8 47.
Qf6+ Kh7 48. Qf7+ Kh8 49. Qf6+ Kh7 50. Qf7+ Kh8 51. Qf6+ Kh7 52. Qf7+ 1/2-1/2

[Event "*** Titled Tuesday 3|2 Blitz"]
[Site "Chess.com"]
[Date "2016.02.02"]
[Round "9"]
[White "Zazuliak"]
[Black "HovmoellerHest"]
[Result "0-1"]
[WhiteElo "2320"]
[BlackElo "2196"]
[TimeControl "180+2"]
[EndTime "13:01:15 PST"]
[Termination "HovmoellerHest won by resignation"]

1. d4 Nf6 2. c4 e6 3. Nc3 Bb4 4. Qc2 O-O 5. a3 Bxc3+ 6. Qxc3 Ne4 7. Qc2 f5 8. g3 b6 9. Bg2 Bb7 10. Nf3 d6 11. Ng5 Qf6 12. O-O d5 13. Nxe4 dxe4 14. e3 Nd7 15. b4 e5 16. Bb2 exd4 17. Bxd4 Ne5 18. Qc3 Rae8 19. Rfd1 Qe6 20. Bxe5 Qxe5 21. Qxe5 Rxe5 22. Rd7 Rf7 23. Rad1 Ree7 24. Rd8+ Rf8 25. c5 Ba6 26. Bf1 Bxf1 27. Kxf1 b5 28. Ke2 a6 29. R1d7 Rxd7 30. Rxd7 Rf7 31. Rd5 g6 32. Kd2 Kg7 33. Kc3 Re7 34. Kd4 Kf7 35. c6 Kf6 36. h4 h5 37. Kc5 Re5 38. Kd4 Rxd5+ 39. Kxd5 Kf7 40. Ke5 Ke7 41. Kd5 Kf6 42. Kd4 Ke6 43. Kc5 Ke5 44. a4 bxa4 45. b5 axb5 46. Kxb5 a3 47. Ka6 Kd6 48. Kb7 a2 0-1

[Event "*** Titled Tuesday 3|2 Blitz"]
[Site "Chess.com"]
[Date "2016.02.02"]
[Round "9"]
[White "stefanodinn"]
[Black "Makalexa"]
[Result "1-0"]
[WhiteElo "2150"]
[BlackElo "2064"]
[TimeControl "180+2"]
[EndTime "13:01:15 PST"]
[Termination "stefanodinn won on time"]

1. e4 c5 2. Ne2 g6 3. d4 Bg7 4. dxc5 Qa5+ 5. Nbc3 Qxc5 6. g3 Nc6 7. Bg2 a6 8. O-O Nf6 9. Be3 Qa5 10. Nd5 d6 11.
Bb6 Qa4 12. Nec3 Qc4 13. Nc7+ Kf8 14. Nxa8 Bg4 15. f3 Bc8 16. Be3 Qe6 17. Nb6 h5 18. Nxc8 Qxc8 19. Nd5 Nd7 20. c3 h4 21. g4 Nde5 22. h3 Nc4 23. Bc1 e6 24. Ne3 Nb6 25. Rb1 e5 26. b3 Nd8 27. c4 Ne6 28. Qxd6+ Kg8 29. Qxb6 Bf8 30. b4 Nf4 31. c5 Qd7 32.
Nd5 Ne2+ 33. Kh2 Bg7 34. Be3 Qa4 35. Nf6+ Bxf6 36. Qxf6 Qxa2 37. Qxe5 Kh7 38. Bd4 Rg8 39. Qf6 g5 40. Rb2 Qc4 41. Rxe2 a5 42. bxa5 Qb3 43. Ref2 Qc4 44. Rb1 b5 45. cxb6 1-0

[Event "*** Titled Tuesday 3|2 Blitz"]
[Site "Chess.com"]
[Date "2016.02.02"]
[Round "9"]
[White "Zkid"]
[Black "Dr-Bassem"]
[Result "0-1"]
[WhiteElo "2415"]
[BlackElo "2478"]
[TimeControl "180+2"]
[EndTime "13:01:21 PST"]
[Termination "Dr-Bassem won by resignation"]

1. e4 e5 2. Nf3 Nc6 3. Bb5 a6 4. Ba4 Nf6 5. O-O Be7 6. Re1 b5 7. Bb3 d6 8. c3 O-O 9. h3 Nb8 10.
d4 Nbd7 11. a4 Bb7 12. Nbd2 c5 13. Bc2 cxd4 14. cxd4 Rc8 15. Bd3 Qb6 16. axb5 axb5 17. Qb3 Bc6 18. Qd1 exd4 19. b4 Ne5 20. Bb1 Bd7 21.
Bb2 Nc6 22. Nb3 Nxb4 23. Bxd4 Qb8 24. e5 dxe5 25. Bxe5 Qb7 26. Ng5 h6 27. Qd2 hxg5 28. Qxg5 Nc2 29. Bxc2 Rxc2 30. Bd4 Be6 31. Re3 Qd5 32. Qh4 Qh5 33. Qg3 Bxb3 34. Rxe7 Qg6 35. Qxb3 Rd2 36. Be3 Rd5 37. Rb7 Qf5 38. Rb1 Rfd8 39. Kh2 Qe5+ 40. g3 Qh5 41. Rxb5 Ng4+ 42. Kg1 Qxh3 43. Rxd5 Qh2+ 44. Kf1 Nxe3+ 45. Qxe3 Qh1+ 46.
Ke2 Qxd5 47. Qf3 Re8+ 48. Qe3 Rxe3+ 49. Kxe3 Qe5+ 50. Kd2 Qd4+ 51. Ke1 Qe4+ 0-1

[Event "*** Titled Tuesday 3|2 Blitz"]
[Site "Chess.com"]
[Date "2016.02.02"]
[Round "9"]
[White "KNVB"]
[Black "BahadirOzen"]
[Result "1-0"]
[WhiteElo "2400"]
[BlackElo "2488"]
[TimeControl "180+2"]
[EndTime "13:01:47 PST"]
[Termination "KNVB won by resignation"]

1. d4 d6 2. e4 Nf6 3. f3 e5 4.
dxe5 dxe5 5. Qxd8+ Kxd8 6. Be3 Be6 7. Nd2 Nbd7 8. Bc4 Bxc4 9. Nxc4 c6 10. O-O-O Kc7 11.
Ne2 b5 12. Na5 Bb4 13. Nb3 a5 14. Kb1 a4 15. Nbc1 Bc5 16. Bg5 h6 17. Bh4 Rad8 18. Nd3 Bd6 19. Bf2 Rhe8 20. g4 c5 21. c3 Kc6 22. Be3 c4 23. Nb4+ Bxb4 24. cxb4 Nf8 25.
Ng3 Ne6 26. Nf5 Ng8 27. h4 Ne7 28. Rxd8 Nxd8 29. Nxg7 Rh8 30. Rd1 Ne6 31. h5 Nxg7 32. Kc2 Ne6 33. a3 Kc7 34. Kc3 Nc6 35. Rd5 Ncd4 36.
Rxe5 Rd8 37. Bxh6 Ne2+ 38. Kc2 N6d4+ 39. Kd1 Nxf3+ 40. Rd5 c3 41. Be3 cxb2 42. Kc2 Rxd5 43. exd5 Ned4+ 44. Kxb2 Kd6 45. h6 Ne5 46. Bxd4 Ng6 47.
h7 Kxd5 48. h8=Q Nxh8 49. Bxh8 Ke4 50. g5 Kf5 51. Bf6 Ke4 52. Kc3 Ke3 53. Be5 Ke4 54. Bd4 Kf5 55. Kd3 Kxg5 56. Ke4 f5+ 57. Kd5 f4 58.
Kc5 1-0

[Event "*** Titled Tuesday 3|2 Blitz"]
[Site "Chess.com"]
[Date "2016.02.02"]
[Round "9"]
[White "Tesla37"]
[Black "FairChess_on_YouTube"]
[Result "1-0"]
[WhiteElo "2586"]
[BlackElo "2704"]
[TimeControl "180+2"]
[EndTime "13:01:52 PST"]
[Termination "Tesla37 won by resignation"]

1. e4 c5 2. Nf3 e6 3. d4 cxd4 4. Nxd4 a6 5. Nc3 b5 6. Bd3 Qb6 7. Nf3 Bb7 8. O-O Nc6 9. e5 f5 10.
a4 b4 11. Ne2 Nge7 12. Nf4 Ng6 13. Nxg6 hxg6 14. Bf4 Nd4 15. Nxd4 Qxd4 16. Qd2 Bc5 17. Rfd1 g5 18. Bxg5 Qxe5 19. Bf4 Qd5 20. Bf1 Qxd2 21. Rxd2 Bc6 22. a5 Rh4 23. g3 Rxf4 24. gxf4 Ke7 25. Rad1 d6 26. Re1 Kf6 27. Bc4 d5 28. Bf1 Bd6 29.
Rd4 Bc5 30. Rd3 Bd6 31. Rd4 Bc5 32. Rd3 Rh8 33. Rg3 Bd7 34. c4 bxc3 35. bxc3 Rh4 36. Bxa6 Rxf4 37. Re2 Ra4 38. c4 d4 39. Bb5 Ra1+ 40.
Kg2 Bc8 41. Rb3 Rxa5 42. f3 e5 43. Bc6 g5 44. Rb5 Rxb5 45. cxb5 g4 46. fxg4 d3 47. Rd2 e4 48. gxf5 Bxf5 49. Rb2 e3 50. Bf3 Bd4 51. Rb1 Bc3 52. b6 e2 53. b7 d2 54. b8=Q Bxb1 55. Qb6+ Ke5 56. Qe3+ Kd6 57. Bxe2 1-0

[Event "*** Titled Tuesday 3|2 Blitz"]
[Site "Chess.com"]
[Date "2016.02.02"]
[Round "9"]
[White "swayamsm"]
[Black "GMHess"]
[Result "1/2-1/2"]
[WhiteElo "2542"]
[BlackElo "2475"]
[TimeControl "180+2"]
[EndTime "13:02:02 PST"]
[Termination "Game drawn - insufficient material"]

1. d4 g6 2. c4 Bg7 3. Nf3 c5 4. d5 f5 5. g3 d6 6. Bg2 Nd7 7. O-O Nb6 8. Qc2 Nf6 9. Nbd2 O-O 10. Rb1 a5 11. b3 a4 12. Bb2 axb3 13. axb3 Ra2 14. Ra1 Rxb2 15. Qxb2 Nfxd5 16. Qa3 Bxa1 17. Qxa1 Nb4 18. e4 e5 19. exf5 Bxf5 20. Nh4 Bd3 21. Rd1 Qf6 22. f4 exf4 23. Qxf6 Rxf6 24. Bxb7 fxg3 25.
hxg3 Re6 26. Ndf3 Bc2 27. Rf1 Bxb3 28. Ng5 Re7 29. Bg2 Bxc4 30. Rf6 Bd5 31. Rxd6 Bxg2 32. Nxg2 Nc4 33. Rd8+ Kg7 34. Nf4 Kf6 35. Nf3 Ne5 36.
Nd2 Rd7 37. Ne4+ Kf5 38. Nd6+ Kg4 39. Rxd7 Nxd7 40. Kg2 Nf6 41. Ne6 Nd3 42. Nc4 Kf5 43. Nc7 Ke4 44. Kh3 Kd4 45. Nd6 c4 46. Ndb5+ Kc5 47.
Nc3 Nf2+ 48. Kg2 N2e4 49. Ne2 c3 50. Kf3 Kc4 51. Ke3 Nc5 52. Kf4 Nd5+ 53. Nxd5 Kxd5 54.
Nxc3+ Ke6 55. Nb5 Kf6 56. Nc7 Ne6+ 57. Nxe6 Kxe6 58. Kg5 Ke5 59. Kh6 Ke4 60. Kxh7 g5 61. Kg6 Kf3 62. Kxg5 Kxg3 1/2-1/2

[Event "*** Titled Tuesday 3|2 Blitz"]
[Site "Chess.com"]
[Date "2016.02.02"]
[Round "9"]
[White "Boryboy"]
[Black "lionheart95"]
[Result "0-1"]
[WhiteElo "2489"]
[BlackElo "2286"]
[TimeControl "180+2"]
[EndTime "13:02:05 PST"]
[Termination "lionheart95 won by resignation"]

1. d4 Nf6 2. Nf3 d5 3. g3 e6 4. Bg2 Be7 5. O-O O-O 6. c4 dxc4 7. Ne5 Nbd7 8. Nxc4 c5 9. Nc3 cxd4 10. Qxd4 Bc5 11. Qd3 a6 12. Be3 Bxe3 13. Qxe3 Qc7 14. b3 Rb8 15.
Rac1 b5 16. Nd2 Qb6 17. Qxb6 Nxb6 18. Nde4 Bb7 19. Nxf6+ gxf6 20. Ne4 f5 21. Nf6+ Kg7 22. Nh5+ Kg6 23. Nf4+ Kf6 24. Rc7 Bxg2 25. Kxg2 Rfc8 26. Rfc1 Rxc7 27. Rxc7 Rc8 28. Rb7 Na8 29. Nd3 Rc2 30. f4 Rxe2+ 31. Kf3 Rc2 32. Rd7 Rc7 33. Rd6 Rc3 34. Ke2 Nc7 35. Ne5 Nd5 36. Rxa6 Rc2+ 37.
Kf3 Rc3+ 38. Kg2 Rc2+ 39. Kh3 Rc3 40. Ra7 Nxf4+ 41. Kh4 Kxe5 42. gxf4+ Kxf4 43. Rxf7 Rc2 44. h3 Rxa2 45. Rxh7 Rb2 46. Kh5 Rxb3 47. h4 Rg3 48. Rb7 e5 49. Rxb5 e4 50. Rb4 Kf3 51. Kh6 Rh3 52.
Kg5 f4 53. Rb1 Rg3+ 54. Kf5 e3 55. h5 Rh3 56. Kg5 e2 57. h6 Kf2 58. Kxf4 Rxh6 0-1

[Event "*** Titled Tuesday 3|2 Blitz"]
[Site "Chess.com"]
[Date "2016.02.02"]
[Round "9"]
[White "Grootneus"]
[Black "nonsopolo1"]
[Result "0-1"]
[WhiteElo "2011"]
[BlackElo "2155"]
[TimeControl "180+2"]
[EndTime "13:02:09 PST"]
[Termination "nonsopolo1 won by checkmate"]

1. e4 c5 2. c3 d6 3. d4 cxd4 4. cxd4 Nf6 5. Nc3 g6 6. h3 Bg7 7. Nf3 O-O 8. Be2 Nc6 9. O-O e5 10. Be3 Re8 11. dxe5 dxe5 12. Qxd8 Rxd8 13. Rfd1 Bd7 14.
Bc4 h6 15. Bd5 Rab8 16. Bxc6 bxc6 17. Nxe5 Rxb2 18. Nxc6 Re8 19. e5 Bxc6 20. exf6 Bxf6 21. Rac1 Bxg2 22. Kxg2 Rxe3 23. Nd5 Re6 24. Nxf6+ Rxf6 25. Rc8+ Kg7 26. Rdd8 Rfxf2+ 27. Kg3 Rg2+ 28. Kf3 Rbf2+ 29. Ke4 Rxa2 30. Rg8+ Kf6 31. Rc6+ Kg5 32. Rg7 Rgf2 33. Rc7 Rae2+ 34. Kd3 Rd2+ 35. Ke3 Rfe2+ 36. Kf3 Re5 37.
Rxa7 Rd3+ 38. Kf2 Rf5+ 39. Ke2 Rxh3 40. Rgxf7 Rxf7 41. Rxf7 Rh4 42. Kf3 Ra4 43. Rb7 Ra3+ 44. Kg2 h5 45. Rb5+ Kh6 46. Rc5 Ra6 47. Kg3 g5 48. Rb5 Ra3+ 49. Kg2 h4 50. Rb8 Kh5 51. Rb4 Ra5 52. Kh2 g4 53. Rb2 Rd5 54. Kg2 Kg5 55.
Ra2 h3+ 56. Kh2 Kh4 57. Ra8 g3+ 58. Kg1 Rd1# 0-1

[Event "*** Titled Tuesday 3|2 Blitz"]
[Site "Chess.com"]
[Date "2016.02.02"]
[Round "9"]
[White "maciek_92"]
[Black "Winehouse83"]
[Result "1-0"]
[WhiteElo "2458"]
[BlackElo "2290"]
[TimeControl "180+2"]
[EndTime "13:02:18 PST"]
[Termination "maciek_92 won on time"]

1. c4 c6 2. Nf3 Nf6 3. b3 d5 4. Bb2 Bf5 5. e3 e6 6. Nc3 h6 7. d4 Be7 8. Be2 O-O 9. O-O Nbd7 10. Rc1 Ne4 11. Nxe4 Bxe4 12. Bd3 Nf6 13. Ne1 a5 14. f3 Bxd3 15. Nxd3 Nd7 16. e4 a4 17. b4 dxc4 18. Rxc4 Nb6 19. Rc2 a3 20. Ba1 Bf6 21. Nc5 Ra7 22.
Qd3 Nd7 23. f4 Nxc5 24. bxc5 Qd7 25. f5 Ra4 26. Rc4 Raa8 27. Qb3 exf5 28. Rxf5 Bg5 29. Rb4 Qe6 30. Qxe6 fxe6 31. Rf3 Rxf3 32. gxf3 Ra7 33. Kf2 Bf4 34. h3 Kf7 35. Ke2 g5 36.
Kd3 Kg6 37. Bc3 Kh5 38. Rb1 Kh4 39. Kc4 Kxh3 40. Rh1+ Kg2 41. Rxh6 Kxf3 42. Rxe6 g4 43. d5 g3 44. d6 g2 45. Rg6 Bg3 46. d7 g1=Q 47. d8=Q b5+ 48. cxb6 Ra4+ 49. Kb3 Rxe4 50. Qd3+ Re3 51. Qf5+ Kg2 52. Qc2+ Kf3 53. Rf6+ Bf4 54. b7 Qg8+ 55. Kxa3 Qc4 56. Kb2 Qb5+ 57. Qb3 Re2+ 58. Kb1 Qd3+ 59. Ka1 Qd1+ 60. Qxd1 1-0

[Event "*** Titled Tuesday 3|2 Blitz"]
[Site "Chess.com"]
[Date "2016.02.02"]
[Round "9"]
[White "MasterLeif"]
[Black "ftorodent"]
[Result "1/2-1/2"]
[WhiteElo "2321"]
[BlackElo "2322"]
[TimeControl "180+2"]
[EndTime "13:02:44 PST"]
[Termination "Game drawn - insufficient material"]

1. e4 e6 2. d4 d5 3. Nc3 Bb4 4. exd5 exd5 5. Bd3 Ne7 6. Ne2 Bf5 7. O-O O-O 8. a3 Bxc3 9. Nxc3 c6 10. Re1 Bxd3 11.
Qxd3 Ng6 12. Bd2 Nd7 13. Ne2 Qh4 14. g3 Qh3 15. Nf4 Nxf4 16. Bxf4 Rfe8 17. c3 Nf6 18. Qf3 Ne4 19. Qg2 Qf5 20. f3 Nf6 21. Re5 Rxe5 22.
Bxe5 Nd7 23. Bf4 Re8 24. Qf2 Nf8 25. Re1 Rxe1+ 26. Qxe1 Ne6 27. Qe3 g5 28. Bb8 Qb1+ 29. Kg2 Qxb2+ 30. Kh3 Qxa3 31. f4 gxf4 32. gxf4 Qe7 33.
Qg3+ Kf8 34. Bxa7 Qf6 35. Bb8 Qf5+ 36. Kg2 Ke7 37. Qh4+ Kd7 38. Be5 Qc2+ 39. Kg1 Qf5 40. Kg2 b6 41. Qh6 Qg6+ 42. Qxg6 fxg6 43. Kf3 c5 44.
dxc5 Nxc5 45. Kg4 Ke6 46. Kg5 Nd3 47. Bd4 b5 48. h4 Ne1 49. Kh6 Nf3 50. Kxh7 Kf5 51.
Bf2 Nh2 52. Kg7 Ng4 53. Bd4 Nh2 54. Kf7 Nf3 55. Bf2 b4 56. cxb4 d4 57. b5 d3 58.
Be3 Ke4 59. b6 Kxe3 60. b7 d2 61. b8=Q d1=Q 62. Kxg6 Nxh4+ 63. Kf6 Nf3 64. Qe8+ Kxf4 65. Qb8+ Kg4 66. Qg8+ Kh3 67. Qh7+ Kg2 68. Qe4 Qd6+ 69. Kf7 Kg3 70. Qg6+ Qxg6+ 71. Kxg6 1/2-1/2

[Event "*** Titled Tuesday 3|2 Blitz"]
[Site "Chess.com"]
[Date "2016.02.02"]
[Round "9"]
[White "JusticeBot"]
[Black "amaidel"]
[Result "1/2-1/2"]
[WhiteElo "2424"]
[BlackElo "2407"]
[TimeControl "180+2"]
[EndTime "13:03:16 PST"]
[Termination "Game drawn - insufficient material"]

1. e4 e5 2. Nf3 Nf6 3. Nxe5 d6 4. Nf3 Nxe4 5. d4 d5 6. Bd3 Be7 7. O-O O-O 8. c4 Bg4 9. Nc3 Nf6 10. cxd5 Nxd5 11. Re1 Nc6 12. Nxd5 Qxd5 13. Be4 Qd6 14. Qd3 Bxf3 15. Bxf3 Bf6 16. Be3 Nxd4 17. Bxd4 Bxd4 18.
Rad1 Rad8 19. Qb3 b6 20. Re2 c5 21. Rde1 Bf6 22. g3 Qd3 23. Qxd3 Rxd3 24. Be4 Rd6 25. Kg2 g6 26. a4 Rfd8 27. b3 Rd2 28. Kf3 Rxe2 29. Rxe2 Kf8 30. Bc6 Rd3+ 31. Re3 Rd2 32.
Re2 Rd1 33. Bb5 Rb1 34. Bc4 Rd1 35. Ke4 h5 36. f4 h4 37. Kf3 hxg3 38. hxg3 Bd4 39.
Kg4 Rg1 40. Bd5 Bf6 41. Rg2 Rd1 42. Bc4 Rb1 43. Re2 a6 44. Rd2 b5 45. axb5 axb5 46. Bxb5 Rxb3 47. Bc4 Rc3 48. Ba2 Bd4 49. Bd5 Ke7 50.
Ra2 f5+ 51. Kh3 Kd6 52. Bf7 g5 53. fxg5 f4 54. Kg4 fxg3 55. Rg2 Be5 56. g6 Ke7 57. Kf5 Bd6 58. Bd5 Kf8 59. Ke6 Bc7 60. Kf6 Bd8+ 61.
Kf5 Kg7 62. Bf7 Bc7 63. Ke4 Rc1 64. Kd3 Rf1 65. Kc4 Bd6 66. Kd5 Rf2 67. Rg1 Bf4 68. Kc4 Rc2+ 69. Kd3 Rd2+ 70. Kc4 g2 71. Bd5 Be3 72.
Rxg2 Rd4+ 73. Kxc5 Rd2+ 74. Kc6 Rxg2 75. Bxg2 Kxg6 76.
Be4+ Kg5 77. Kd5 Kf4 78. Bd3 Kg5 79. Kc4 Bf4 80. Bc2 Be3 81. Kd3 Bf4 82. Ke4 Bg3 83.
Bb3 Bh4 84. Kf3 Bg3 85. Ke4 Bf4 86. Kf3 Be3 87. Kg3 Bf4+ 88. Kf3 Be3 89. Ke2 Bd2 90. Kd3 Be3 91. Bd1 Bd2 92. Kxd2 1/2-1/2

[Event "*** Titled Tuesday 3|2 Blitz"]
[Site "Chess.com"]
[Date "2016.02.02"]
[Round "9"]
[White "gmjoey1"]
[Black "Alexander_Donchenko"]
[Result "0-1"]
[WhiteElo "2472"]
[BlackElo "2534"]
[TimeControl "180+2"]
[EndTime "13:03:49 PST"]
[Termination "Alexander_Donchenko won on time"]

1. e4 c5 2. c3 d5 3. exd5 Qxd5 4. d4 g6 5. dxc5 Qxc5 6. Be3 Qc7 7. Na3 a6 8. Nc4 Nd7 9. Qd4 Ngf6 10. Bf4 Qc6 11.
O-O-O Bg7 12. Ne5 Qc5 13. Bc4 Qxd4 14. Rxd4 O-O 15. Ngf3 b5 16. Nxd7 Bxd7 17. Bb3 Bc6 18. Re1 e6 19. Rd6 Rfc8 20. Ng5 Nd5 21. Bxd5 Bxd5 22. Rd7 Rf8 23. Ne4 Rfd8 24. Rc7 Bxa2 25. Bg5 Rdc8 26. Rd7 b4 27. Nf6+ Kh8 28. Rxf7 bxc3 29.
Re3 e5 30. Rb7 h6 31. Rh3 h5 32. Rd3 Rab8 33. Rdd7 Rxb7 34. Rxb7 cxb2+ 35. Kxb2 Be6 36. Re7 Bc4 37. Ne8 Bf8 38. Rxe5 Bf7 39. Nf6 Rc5 40. Re4 Rxg5 41. Rf4 Rf5 42. Nxh5 Rxf4 43. Nxf4 Bd6 44.
Ne2 Kg7 45. g3 Kf6 46. h4 a5 47. g4 Ke5 48. f4+ Ke4 49. f5 gxf5 50. gxf5 Kxf5 51. Nd4+ Kg4 52. Kc2 Bc5 53. Nc6 Bg6+ 54. Kb3 Bb6 55. Ne5+ Kh5 56. Nc4 Bc7 57. Ka4 Be8+ 58. Ka3 Kxh4 59.
Ne3 Kg5 60. Nd5 Bd8 61. Nc3 Kf5 62. Ne2 Ke5 63. Nc1 Be7+ 64. Kb2 Bf7 65. Nd3+ Kd4 66. Nf4 Bd6 67. Ne2+ Kc4 68. Nc1 Be5+ 69. Ka3 Be8 70. Nb3 Bc3 71. Nc1 a4 72. Ne2 Bb4+ 73. Ka2 Bf7 74.
Nf4 Kc3+ 75. Ka1 Bc4 76. Ng2 Kb3 0-1